 Dungeon Crawl Stone Soup version 0.23-a0-556-g351818a (webtiles) character file.

917 zishaf the Firebug (level 7, -5/36 HPs)
             Began as a Deep Elf Fire Elementalist on Dec 10, 2018.
             Slain by kiwi3s's ghost (11 damage)
             ... on level 4 of the Dungeon.
             The game lasted 00:10:54 (5969 turns).

zishaf the Firebug (Deep Elf Fire Elementalist)     Turns: 5969, Time: 00:10:54

Health: -5/36      AC:  7    Str:  5    XL:     7   Next: 83%
Magic:  0/13       EV: 14    Int: 22    God:
Gold:   262        SH:  0    Dex: 15    Spells: 1/12 levels left

rFire    . . .     SeeInvis .   g - +2 dagger (venom)
rCold    . . .     Gourm    .   (no shield)
rNeg     . . .     Faith    .   q - +3 leather armour
rPois    .         Spirit   .   (no helmet)
rElec    .         Reflect  .   (no cloak)
rCorr    .         Harm     .   v - +0 pair of gloves
MR       .....                  (no boots)
Stlth    +++.......             (no amulet)
HPRegen  0.12/turn              x - ring of stealth
MPRegen  0.13/turn              (no ring)

@: no status effects
A: no striking features
a: no special abilities


You were on level 4 of the Dungeon.
You were not hungry.

You visited 2 branches of the dungeon, and saw 6 of its levels.

You collected 262 gold pieces.

Inventory:

Hand Weapons
 g - a +2 dagger of venom (weapon)
Armour
 a - a +0 robe
 q - a +3 leather armour (worn)
 s - the +2 robe of the Hanged Man {Int+5}
   (You took it off a gnoll on level 4 of the Dungeon)

   It affects your intelligence (+5).
 v - a +0 pair of gloves (worn)
Magical Staves
 t - an uncursed staff of wizardry
Jewellery
 x - a ring of stealth (left hand)
Wands
 l - a wand of random effects (11)
Scrolls
 b - 3 scrolls of noise {unknown}
 e - 4 scrolls of teleportation {unknown}
 k - 4 scrolls of remove curse {unknown}
 n - 2 scrolls of amnesia {unknown}
 p - 2 scrolls of blinking {unknown}
 r - 5 scrolls of identify {unknown}
Potions
 d - 4 potions of might {unknown}
 f - a potion of degeneration {unknown}
 h - a potion of mutation {unknown}
 i - a potion of brilliance {unknown}
 m - a potion of cancellation {unknown}
 o - a potion of flight {unknown}
 u - a potion of magic {unknown}
 w - a potion of haste {unknown}
Comestibles
 c - 10 rations


   Skills:
 + Level 5.3 Dodging
 - Level 3.1 Stealth
 - Level 3.0 Spellcasting
 * Level 6.1 Conjurations
 * Level 6.9 Fire Magic


You had one spell level left.
You knew the following spells:

 Your Spells              Type           Power        Failure   Level  Hunger
a - Flame Tongue          Conj/Fire      ####.        1%          1    None
b - Throw Flame           Conj/Fire      ####..       2%          2    ##.....
c - Conjure Flame         Conj/Fire      ####....     4%          3    ###....
d - Fireball              Conj/Fire      ####......   36%         5    ######.

Your spell library contained the following spells:

 Spells                   Type           Power        Failure   Level  Hunger
 Sticky Flame             Conj/Fire      ####....     14%         4    ####...
 Inner Flame              Hex/Fire       ###.....     16%         3    ###....


Dungeon Overview and Level Annotations

Branches:
Dungeon (5/15)             Temple (1/1) D:5

Altars:
Ashenzari
Dithmenos
Elyvilon
Fedhas
Gozag
Hepliaklqana
Makhleb
Nemelex Xobeh
Okawaru
Qazlal
Sif Muna
Trog
Uskayaw
Wu Jian
Xom
Zin

Annotations:
D:4 exclusion: oklob plant, kiwi3s's ghost, novice MiBe


Message History

Kiwi3s's ghost hits you.
* * * LOW HITPOINT WARNING * * *
Casting: Flame Tongue (safe; 1% risk of failure)
Confirm with . or Enter, or press ? or * to list all spells.
Aiming: Flame Tongue (safe; 1% risk of failure)
Press: ? - help, Shift-Dir - straight line, f/p - kiwi3s's ghost
Aim: kiwi3s's ghost (flame, heavily damaged)
The flame tongue hits kiwi3s's ghost.
Kiwi3s's ghost resists.
Kiwi3s's ghost is heavily damaged.
Kiwi3s's ghost is engulfed in blazing flames.
Kiwi3s's ghost barely misses you.
Casting: Flame Tongue (safe; 1% risk of failure)
Confirm with . or Enter, or press ? or * to list all spells.
Aiming: Flame Tongue (safe; 1% risk of failure)
Press: ? - help, Shift-Dir - straight line, f/p - kiwi3s's ghost
Aim: kiwi3s's ghost (flame, severely damaged)
The flame tongue misses kiwi3s's ghost.
Kiwi3s's ghost is engulfed in blazing flames.
Kiwi3s's ghost hits you!
You die...

###.#.# #...........##....#
....#.# #....###'##.##....#
#####.#### #....'......##.....
....#....# ##....###.#####.....
###.#....#####.....###...........
.........'..................>...#
#.#.#....##....W................'
..#.##...##...########.#####.....
###.##.........W@............#...
...............#######.######..##
.#####...#....................##^
..## #####.###.#######.####.[##.^
...#######'###.......#)###..##^._
....##...............#)##..##....
.....#...............#.##(##.....
.....................#.##.#..^###
.....................#.##.##.'#.#


You could see kiwi3s's ghost.

Vanquished Creatures
  3 ogres
  A bullfrog (D:4)
  A vampire bat (D:3)
  2 crimson imps
  A bullfrog zombie (D:5)
  An orc priest (D:4)
  2 gnoll shamans (D:4)
  An iguana (D:4)
  2 worker ants (D:5)
  Robin (D:2)
  8 gnolls
  2 adders (D:2)
  An ooze (D:2)
  2 adder zombies (D:5)
  An adder skeleton (D:4)
  2 worms
  3 dart slugs (D:1)
  3 fire bats (D:3)
  2 leopard geckos
  7 orcs
  2 spectral bats (D:3)
  3 bat skeletons (D:3)
  A bat zombie (D:3)
  A giant cockroach (D:4)
  9 hobgoblins
  6 jackals
  10 bats (D:3)
  A bat simulacrum (D:3)
  4 frilled lizards
  17 goblins
  A jackal zombie (D:5)
  7 kobolds
  10 rats
118 creatures vanquished.

Vanquished Creatures (others)
  A goblin (D:2)
1 creature vanquished.

Grand Total: 119 creatures vanquished

Notes
Turn   | Place    | Note
-------+----------+-------------------------------------------
     0 | D:1      | zishaf the Deep Elf Fire Elementalist began the quest for
                  | the Orb.
     0 | D:1      | Reached XP level 1. HP: 10/10 MP: 6/6
     4 | D:1      | Noticed an electric eel
   183 | D:1      | Reached XP level 2. HP: 15/15 MP: 4/8
   659 | D:1      | Reached XP level 3. HP: 10/19 MP: 0/9
  1123 | D:2      | Found a burning altar of Makhleb.
  1128 | D:2      | Reached XP level 4. HP: 24/24 MP: 10/10
  1163 | D:2      | Noticed Robin
  1338 | D:2      | Killed Robin
  1436 | D:2      | Learned a level 2 spell: Throw Flame
  1440 | D:2      | Learned a level 3 spell: Conjure Flame
  2211 | D:3      | Reached XP level 5. HP: 28/28 MP: 9/11
  2443 | D:3      | Reached skill level 5 in Fire Magic
  3054 | D:3      | Reached XP level 6. HP: 30/32 MP: 12/12
  3599 | D:4      | Found a sparkling altar of Nemelex Xobeh.
  3748 | D:4      | Identified the +2 robe of the Hanged Man {Int+5}
  3954 | D:4      | Learned a level 5 spell: Fireball
  4047 | D:4      | Reached skill level 5 in Conjurations
  4047 | D:4      | Reached XP level 7. HP: 25/36 MP: 8/13
  4269 | D:4      | Found a blossoming altar of Fedhas.
  4288 | D:4      | Noticed an oklob plant
  4600 | D:5      | Entered Level 5 of the Dungeon
  5078 | D:4      | Reached skill level 5 in Dodging
  5640 | D:5      | Found a glowing silver altar of Zin.
  5740 | D:5      | Found a staircase to the Ecumenical Temple.
  5760 | Temple   | Entered the Ecumenical Temple
  5919 | D:5      | Found a runed door.
  5919 | D:5      | Noticed kiwi3s's ghost (novice MiBe)
  5969 | D:4      | Slain by kiwi3s's ghost

Vault maps used:
D:1:      arrival_aquarium_a
D:2:      kb_forest_paths, makhleb_grotto_becter, roderic_roman_lattice,
          uniq_robin
D:3:      first_ration, goddamned_bats
D:4:      tgw_fedhas, nemelex_spade_bored_becter
D:5:      tso_altar, lemuel_round_altar, minmay_temple_entry_crystal_x,
          gammafunk_ghost_grave
Temple:   minmay_temple_bridge_abc

Skill      XL: |  1  2  3  4  5  6  7 |
---------------+----------------------+-----
Conjurations   | 2 3 4 5 6 |  6.1
Dodging        | 3 4 5 |  5.3
Stealth        | 3 |  3.1
Fire Magic     | 4 5 6 |  6.9
Spellcasting   | |  3.0

Action                   |  1- 3 |  4- 6 |  7- 9 || total
-------------------------+-------+-------+-------++-------
Melee: Dagger            |    11 |    72 |    45 ||   128
       Staff             |       |       |     4 ||     4
 Cast: Flame Tongue      |    37 |    98 |    70 ||   205
       Throw Flame       |       |     1 |     6 ||     7
       Conjure Flame     |       |       |     1 ||     1
 Stab: Sleeping          |     2 |     2 |     1 ||     5
  Eat: Chunk             |       |     9 |     7 ||    16
Armor: Robe              |     5 |     3 |       ||     8
       Leather armour    |       |    52 |    22 ||    74
Dodge: Dodged            |    12 |   131 |    52 ||   195

Table legend:
 A = Non-vault XP
 B = Vault XP
 C = Vault XP percentage of total XP
 D = Non-vault monster count
 E = Vault monster count
 F = Vault count percentage of total count
                 A         B        C        D         E       F
            +---------+---------+-------+---------+---------+-------
      Total |    1033 |     278 |  21.2 |      80 |      38 |  32.2
            +---------+---------+-------+---------+---------+-------
        D:1 |      47 |       0 |   0.0 |      25 |       0 |   0.0
        D:2 |      34 |     100 |  74.6 |       7 |      18 |  72.0
        D:3 |      28 |     178 |  86.4 |      13 |      20 |  60.6
        D:4 |     459 |       0 |   0.0 |      21 |       0 |   0.0
        D:5 |     465 |       0 |   0.0 |      14 |       0 |   0.0
            +---------+---------+-------+---------+---------+-------
